 Dungeon Crawl Stone Soup version 0.20-a0-1117-g62da73f (webtiles) character file.

502 Wendigo the Grave Robber (level 6, -1/41 HPs)
             Began as a Demonspawn Necromancer on May 8, 2017.
             Slain by a centaur (7 damage)
             ... on level 5 of the Dungeon on May 9, 2017.
             The game lasted 00:14:17 (6189 turns).

Wendigo the Grave Robber (Demonspawn Necromancer)   Turns: 6189, Time: 00:14:18

Health: -1/41      AC:  3    Str:  8    XL:     6   Next: 95%
Magic:  1/11       EV: 12    Int: 23    God:
Gold:   231        SH:  0    Dex: 13    Spells: 0/12 levels left

rFire    + . .     SeeInvis .   u - +0 trident
rCold    . . .     Gourm    .   (no shield)
rNeg     . . .     Faith    .   a - +0 robe
rPois    .         Spirit   .   (helmet restricted)
rElec    .         Reflect  .   C - +0 cloak
rCorr    .         Harm     .   (no gloves)
MR       .....                  (no boots)
Stlth    ++........             (no amulet)
Regen    0.2/turn               p - +4 ring of intelligence
MPRegen  0.2/turn               (no ring)

@: no status effects
A: antennae 2, fire resistance 1
a: no special abilities


You were on level 5 of the Dungeon.
You were not hungry.

You visited 1 branch of the dungeon, and saw 5 of its levels.

You collected 231 gold pieces.

Inventory:

Hand Weapons
 g - a +3 quarterstaff of chaos
 u - a +0 trident (weapon)
Armour
 a - a +0 robe (worn)
 l - a +0 buckler
 C - a +0 cloak (worn)
Jewellery
 p - a +4 ring of intelligence (left hand)
Wands
 y - a wand of digging (3/24)
Scrolls
 d - 7 scrolls of identify {unknown}
 f - 3 scrolls of amnesia {unknown}
 i - a scroll of remove curse {unknown}
 k - 3 scrolls of teleportation {unknown}
 n - a scroll of blinking {unknown}
 o - 3 scrolls of immolation {unknown}
 q - a scroll of enchant armour {unknown}
 r - 2 scrolls of recharging {unknown}
Potions
 e - 2 potions of berserk rage {unknown}
 h - 2 potions of brilliance {unknown}
 j - 2 potions of degeneration {unknown}
 m - a potion of resistance {unknown}
 s - a potion of curing
 w - a potion of heal wounds
 x - a potion of lignification {unknown}
 z - 2 potions of agility {unknown}
 A - a potion of might {unknown}
Books
 b - a book of Necromancy

   Spells                             Type                      Level
   a - Pain                           Necromancy                   1
   b - Animate Skeleton               Necromancy                   1
   c - Vampiric Draining              Necromancy                   3
   d - Regeneration                   Charms/Necromancy            3
   e - Animate Dead                   Necromancy                   4
   f - Control Undead                 Necromancy                   4
Comestibles
 c - 5 bread rations
 t - 3 royal jellies
 v - 2 meat rations


   Skills:
 + Level 0.0 Fighting
 * Level 3.2 Polearms
 - Level 1.7 Dodging
 - Level 1.7 Stealth
 - Level 3.7 Spellcasting
 - Level 7.1 Necromancy


You couldn't memorise any spells.
You knew the following spells:

 Your Spells              Type           Power        Failure   Level  Hunger
a - Pain                  Necr           ####         1%          1    None
b - Regeneration          Chrm/Necr      ###.......   8%          3    ###....
c - Animate Dead          Necr           N/A          5%          4    ####...
d - Control Undead        Necr           #####.....   5%          4    ####...


Dungeon Overview and Level Annotations

Branches:
Dungeon (5/15)
 Temple: D:4-7

Altars:
Fedhas

Annotations:
D:2 exclusion: downstairs
D:4 Grinder


Innate Abilities, Weirdness & Mutations

You have a pair of antennae on your head.
Your flesh is heat resistant. (rF+)


Message History

Press: ? - help, Shift-Dir - straight line, f/p - centaur
Aim: a centaur (moderately wounded, chance to defeat MR: 84%)
The centaur writhes in agony!
The centaur hits you.
Casting: Pain
Confirm with . or Enter, or press ? or * to list all spells.
Aiming: Pain
Press: ? - help, Shift-Dir - straight line, f/p - centaur
Aim: a centaur (heavily wounded, chance to defeat MR: 84%)
The centaur barely resists.
The centaur closely misses you. The centaur hits you.
* * * LOW HITPOINT WARNING * * *
You hit the centaur.
The centaur is severely wounded.
The centaur hits you.
* * * LOW HITPOINT WARNING * * *
You completely miss the centaur.
The centaur is severely wounded.
The centaur closely misses you. The hound zombie barely misses you.
The centaur hits you!
You die...

...............
...............
..............
#............
#............
#............
#............
#.@..<.......
#cZ....######
#......#
.........#
..........#
...........#
...........#
..<........#


You could see a centaur and a hound zombie.

Vanquished Creatures
  A hornet zombie (D:4)
  A howler monkey (D:4)
  Crazy Yiuf (D:3)
  An orc priest (D:3)
  A bullfrog skeleton (D:4)
  Natasha (thrice) (D:3)
  A worker ant (D:4)
  7 adders
  An ooze (D:3)
  2 worms (D:3)
  A dart slug (D:2)
  18 orcs
  3 giant cockroaches
  14 goblins
  9 hobgoblins
  5 jackals
  10 kobolds
  A ball python (D:3)
  11 bats
  7 frilled lizards
  4 rats
102 creatures vanquished.

Vanquished Creatures (others)
  An iguana (D:5)
  An orc (D:5)
2 creatures vanquished.

Grand Total: 104 creatures vanquished

Notes
Turn   | Place    | Note
-------+----------+-------------------------------------------
     0 | D:1      | Wendigo the Demonspawn Necromancer began the quest for the Orb.
     0 | D:1      | Reached XP level 1. HP: 13/13 MP: 3/3
   369 | D:1      | Gained mutation: You have a pair of small antennae on your head. [demonic ancestry]
   369 | D:1      | Reached XP level 2. HP: 18/19 MP: 0/5
   934 | D:1      | Reached skill level 5 in Necromancy
  1562 | D:2      | Gained mutation: Your flesh is heat resistant. (rF+) [demonic ancestry]
  1562 | D:2      | Reached XP level 3. HP: 7/24 MP: 1/6
  2442 | D:3      | Upgraded the game from 0.20-a0-1116-gaa52201 to 0.20-a0-1117-g62da73f
  2701 | D:3      | Reached XP level 4. HP: 9/30 MP: 2/8
  2940 | D:3      | Found a faded altar of an unknown god.
  3181 | D:3      | Noticed Natasha
  3184 | D:3      | Killed Natasha
  3184 | D:3      | Reached skill level 6 in Necromancy
  3374 | D:3      | Learned a level 3 spell: Regeneration
  3379 | D:3      | Learned a level 4 spell: Animate Dead
  3406 | D:3      | Gained mutation: You have a pair of antennae on your head. [demonic ancestry]
  3406 | D:3      | Reached XP level 5. HP: 32/35 MP: 3/9
  3728 | D:3      | Noticed Natasha
  3732 | D:3      | Killed Natasha
  3754 | D:3      | Noticed Natasha
  3760 | D:3      | Killed Natasha
  4111 | D:3      | Reached skill level 7 in Necromancy
  4553 | D:3      | Found a runed door.
  4557 | D:3      | Noticed Crazy Yiuf
  4561 | D:3      | Killed Crazy Yiuf
  4561 | D:3      | Reached XP level 6. HP: 38/41 MP: 6/11
  4937 | D:4      | Learned a level 4 spell: Control Undead
  5101 | D:4      | Found a blossoming altar of Fedhas.
  5876 | D:4      | Noticed Grinder
  5909 | D:4      | Paralysed by Grinder for 3 turns
  6177 | D:5      | Entered Level 5 of the Dungeon
  6189 | D:5      | Slain by a centaur

Vault maps used:
D:1:      saegor_arrival_simple_e, minmay_cupped
D:3:      corexii_shack_village, chequers_ecumenical_altar_simple, uniq_natasha,
          uniq_crazy_yiuf_cottage
D:4:      fedhas_altar_3, uniq_grinder
D:5:      minmay_temple_entry_grid, first_bread, xom_confusion_cloud, uniq_ijyb

Skill      XL: |  1  2  3  4  5  6 |
---------------+-------------------+-----
Necromancy     | 5 6 7 |  7.1
Spellcasting   | 3 |  3.7
Polearms       | 3 |  3.2
Dodging        | |  1.7
Stealth        | |  1.7

Action                   |  1- 3 |  4- 6 || total
-------------------------+-------+-------++-------
Melee: Unarmed           |     4 |       ||     4
       Dagger            |    19 |    22 ||    41
       Trident           |       |    61 ||    61
       Quarterstaff      |       |    15 ||    15
 Cast: Pain              |    63 |   105 ||   168
       Regeneration      |       |     4 ||     4
       Animate Dead      |       |     3 ||     3
  Use: Potion            |     2 |     2 ||     4
 Stab: Sleeping          |     4 |     2 ||     6
       Distracted        |       |     1 ||     1
  Eat: Chunk             |     6 |     7 ||    13
       Bread ration      |       |     1 ||     1
Armor: Robe              |    12 |    13 ||    25
Dodge: Dodged            |    25 |    73 ||    98
